 Dungeon Crawl Stone Soup version 0.24.0-13-gcf9b319 (webtiles) character file.

Game seed: 5643431093557135523, levelgen mode: deterministic

411 Birdy the Ducker (level 6, -7/36 HPs)
             Began as a Vampire Gladiator on Dec 7, 2019.
             Mangled by an iguana (13 damage)
             ... on level 4 of the Dungeon.
             The game lasted 00:07:39 (2871 turns).

Birdy the Ducker (Vampire Gladiator)                Turns: 2871, Time: 00:07:40

Health: -7/36      AC:  6    Str: 15    XL:     6   Next: 58%
Magic:  8/8        EV: 17    Int: 11    God:
Gold:   195        SH:  0    Dex: 15    Spells: 8/8 levels left

rFire    + . .     SeeInvis +     - Unarmed
rCold    + . .     Gourm    .   (no shield)
rNeg     + + +     Faith    .   l - +2 animal skin
rPois    ∞         Spirit   .   b - +1 helmet
rElec    .         Reflect  .   (no cloak)
rCorr    .         Harm     .   (no gloves)
MR       .....                  (no boots)
Stlth    ++++......             (no amulet)
HPRegen  0.00/turn              k - +2 ring of evasion
MPRegen  0.11/turn              e - ring of fire

@: lethally poisoned (-7 -> -7), bloodless, regenerating quickly
A: no food, fangs 3, see invisible, unbreathing
a: Bat Form, Revivify


You were on level 4 of the Dungeon.
You were bloodless.

You visited 1 branch of the dungeon, and saw 4 of its levels.

You collected 195 gold pieces.

Inventory:

Hand Weapons
 m - the +7 great mace "Firestarter" {inner flame, rF++}
   (You found it on level 4 of the Dungeon)

   It has been specially enchanted to burn those struck by it, causing extra
   injury to most foes and up to half again as much damage against particularly
   susceptible opponents.
   It greatly protects you from fire.
Missiles
 c - 3 throwing nets (quivered)
Armour
 b - a +1 helmet (worn)
 l - a +2 animal skin (worn)
Jewellery
 e - a ring of fire (right hand)
 k - a +2 ring of evasion (left hand)
Wands
 j - a wand of flame (13)
Scrolls
 a - a scroll of enchant armour
 d - 4 scrolls of remove curse
 h - a scroll of enchant weapon
 i - 2 scrolls of teleportation
Potions
 f - a potion of heal wounds
 g - a potion of haste


   Skills:
 - Level 2.9 Fighting
 * Level 0.2 Maces & Flails
 - Level 1.5 Throwing
 - Level 5.2 Dodging
 - Level 3.6 Stealth
 - Level 5.2 Unarmed Combat
 - Level 1.9 Spellcasting


You had 8 spell levels left.
You didn't know any spells.
Your spell library was empty.

Dungeon Overview and Level Annotations

Branches:
Dungeon (4/15)
 Temple: D:4-7

Altars:
Ashenzari
Nemelex Xobeh


Innate Abilities, Weirdness & Mutations

You do not eat.
You do not regenerate when monsters are visible.
You are frail without blood (-20% HP).
You can heal yourself when you bite living creatures.
You are immune to poison.
You have razor-sharp teeth.
You have supernaturally acute eyesight. (SInv)
You can survive without breathing.


Message History

Your bite misses the leopard gecko. You barely miss the iguana.
The iguana is moderately wounded.
You hit the iguana but do no damage. You bite the iguana, but do no damage.
The iguana is moderately wounded.
The iguana barely misses you.
You barely miss the iguana. You bite the iguana, but do no damage.
The iguana is moderately wounded.
The iguana misses you.
You hit the iguana. You bite the iguana, but do no damage.
The iguana is severely wounded.
The iguana bites you!
* * * LOW HITPOINT WARNING * * *
You hit the iguana but do no damage. Your bite misses the iguana.
The iguana is heavily wounded.
The iguana barely misses you.
You punch the iguana!
The iguana is almost dead.
The iguana bites you!
You die...

#..........###....####.
#..........+...........
##.........####...#####
##.......## ##..#
##.....## ##.###
##...## #...# ##l##
###.# #l# #.# #@# #.#
##.## #.# ####...## #.#
.........##########.#
#####...............#
##.############## #.#
#.# #.#


You could see an iguana and a leopard gecko.

Vanquished Creatures
  Blork the orc (D:4)
  2 bullfrogs
  An orc wizard (D:3)
  Robin (D:2)
  4 gnolls (D:4)
  5 adders
  An ooze (D:3)
  A worm (D:2)
  4 leopard geckos
  2 orcs (D:3)
  5 bats
  3 giant cockroaches
  6 hobgoblins
  9 jackals
  4 kobolds
  2 quokkas (D:2)
  9 frilled lizards
  16 goblins
  A jackal skeleton (D:4)
  A leopard gecko skeleton (D:4)
  3 rats
81 creatures vanquished.

Notes
Turn   | Place    | Note
-------+----------+-------------------------------------------
     0 | D:1      | Birdy the Vampire Gladiator began the quest for the Orb.
     0 | D:1      | Reached XP level 1. HP: 16/16 MP: 1/1
   129 | D:1      | Reached skill level 1 in Stealth
   129 | D:1      | Reached XP level 2. HP: 22/22 MP: 2/2
   423 | D:2      | Noticed a bullfrog
   433 | D:2      | Killed a bullfrog
   433 | D:2      | Reached skill level 1 in Spellcasting
   433 | D:2      | Reached XP level 3. HP: 14/27 MP: 2/4
   433 | D:2      | Reached XP level 4. HP: 17/33 MP: 2/5
  1111 | D:2      | Noticed Robin
  1137 | D:2      | Killed Robin
  1283 | D:2      | Reached XP level 5. HP: 30/31 MP: 6/6
  1667 | D:3      | Found a sparkling altar of Nemelex Xobeh.
  1935 | D:3      | Reached XP level 6. HP: 36/36 MP: 8/8
  2061 | D:3      | Found a faded altar of an unknown god.
  2411 | D:4      | Reached skill level 5 in Dodging
  2413 | D:4      | Reached skill level 5 in Unarmed Combat
  2578 | D:4      | Noticed Blork the orc
  2598 | D:4      | Killed Blork the orc
  2737 | D:4      | Found the +7 great mace "Firestarter" {inner flame, rF++}
  2823 | D:4      | Found a shattered altar of Ashenzari.
  2871 | D:4      | Mangled by an iguana

Levels and vault maps discovered:
D:1:      psy_arrival_statuary, layout_rooms
D:2:      wad_river_or_something, layout_basic, uniq_robin
D:3:      layout_basic, nemelex_altar_shiori,
          chequers_ecumenical_altar_simple_redux
D:4:      layout_loops_corners, ashenzari_conservatory_becter,
          cheibriados_altar_1, kennysheep_mini, uniq_blork_the_orc, uniq_ijyb

Skill      XL: |  1  2  3  4  5  6 |
---------------+-------------------+-----
Stealth        | 1 2 3 |  3.6
Fighting       | 2 |  2.9
Dodging        | 4 5 |  5.2
Unarmed Combat | 4 5 |  5.2
Spellcasting   | 1 |  1.9
Maces & Flails | |  0.2
Throwing       | |  1.5

Action                   |  1- 3 |  4- 6 || total
-------------------------+-------+-------++-------
Melee: Unarmed           |    47 |   256 ||   303
       Bite              |     3 |    20 ||    23
       Punch             |     1 |     7 ||     8
 Abil: Exsanguinate      |       |     1 ||     1
  Use: Scroll            |     2 |     7 ||     9
       Potion            |       |     1 ||     1
 Stab: Sleeping          |     2 |    16 ||    18
       Distracted        |       |     1 ||     1
Armor: Leather armour    |     6 |    19 ||    25
       Animal skin       |       |    33 ||    33
Dodge: Dodged            |    34 |   174 ||   208
